 Dungeon Crawl Stone Soup version 0.21.1-1-g345015f (webtiles) character file.

455 lotte the Magician (level 6, -1/32 HPs)
             Began as a Deep Elf Ice Elementalist on July 5, 2018.
             Killed by divine providence
             ... invoked by an orc priest
              (11 damage)
             ... on level 4 of the Dungeon.
             The game lasted 00:14:19 (4772 turns).

lotte the Magician (Deep Elf Ice Elementalist)      Turns: 4772, Time: 00:14:20

Health: -1/32      AC:  2    Str:  5    XL:     6   Next: 76%
Magic:  15/17      EV: 14    Int: 22    God:
Gold:   174        SH:  0    Dex: 15    Spells: 14/18 levels left

rFire    . . .     SeeInvis .   u - +2 flail (protect)
rCold    . . .     Gourm    .   (no shield)
rNeg     . . .     Faith    +   a - +0 robe
rPois    .         Spirit   .   (no helmet)
rElec    .         Reflect  .   (no cloak)
rCorr    .         Harm     .   (no gloves)
MR       .....                  (no boots)
Stlth    +++.......             t - amulet of faith
HPRegen  0.10/turn              m - ring of stealth
MPRegen  0.15/turn              (no ring)

@: no status effects
A: no striking features
a: no special abilities


You were on level 4 of the Dungeon.
You were not hungry.

You visited 1 branch of the dungeon, and saw 4 of its levels.

You collected 174 gold pieces.

Inventory:

Hand Weapons
 d - a +0 whip
 h - a +0 whip of pain
 u - a +2 flail of protection (weapon)
Armour
 a - a +0 robe (worn)
 o - a +0 leather armour
Jewellery
 m - a ring of stealth (left hand)
 t - an amulet of faith (around neck)
Wands
 q - a wand of flame (17)
Scrolls
 j - 4 scrolls of identify {unknown}
 l - 3 scrolls of amnesia {unknown}
 p - 2 scrolls of remove curse {unknown}
 r - a scroll of immolation {unknown}
Potions
 e - a potion of ambrosia {unknown}
 f - a potion of might {unknown}
 g - 2 potions of degeneration {unknown}
 i - a potion of flight {unknown}
 k - 3 potions of magic {unknown}
 n - a potion of heal wounds {unknown}
 s - 2 potions of lignification {unknown}
Books
 b - a book of Frost

   Spells                             Type                      Level
   a - Freeze                         Ice                          1
   b - Throw Frost                    Conjuration/Ice              2
   c - Ozocubu's Armour               Charms/Ice                   3
   d - Throw Icicle                   Conjuration/Ice              4
   e - Summon Ice Beast               Ice/Summoning                4
Comestibles
 c - 2 rations


   Skills:
 + Level 4.2 Dodging
 - Level 2.5 Stealth
 * Level 6.6 Spellcasting
   Level 1.1 Conjurations
 * Level 5.9 Ice Magic


You had 14 spell levels left.
You knew the following spells:

 Your Spells              Type           Power        Failure   Level  Hunger
a - Freeze                Ice            ####         1%          1    None
b - Ozocubu's Armour      Chrm/Ice       ###.....     8%          3    #......


Dungeon Overview and Level Annotations

Branches:
Dungeon (4/15)
 Temple: D:4-7

Altars:

Annotations:
D:4 Eustachio


Message History

The orc wizard is moderately wounded.
The orc wizard hits you with a dagger.
Eustachio the Magnificent comes into view.
He is wielding a falchion.
Casting: Freeze
Confirm with . or Enter, or press ? or * to list all spells.
Aiming: Freeze
Press: ? - help, Shift-Dir - straight line, f/p - orc wizard
Aim: an orc wizard, wielding a dagger and wearing a robe (moderately wounded)
You freeze the orc wizard.
The orc wizard is severely wounded.
Eustachio shouts!
The orc wizard gestures at you while chanting.
You resist with some effort. The orc wizard casts a spell at you.
The magic dart hits you!
The orc wizard points at you and mumbles some strange words.
The magic dart hits you! The orc wizard hits you with a dagger.
The orc priest calls down the wrath of Beogh upon you.
Beogh smites you!
You die...

###########
#####.o........
......o@.......
###...o.#######
#...W..
#.......
..........
##@.........
#.##+#...... #.
#.......


You could see Eustachio, a phantom, an orc priest and 2 orc wizards.

Vanquished Creatures
  Sigmund (D:2)
  A centaur (D:3)
  A scorpion (D:2)
  4 adders
  3 gnolls (D:2)
  4 oozes
  3 worms (D:2)
  A dart slug (D:1)
  A leopard gecko (D:2)
  2 orcs (D:3)
  2 ball pythons (D:2)
  5 giant cockroaches
  6 goblins
  5 hobgoblins
  8 jackals
  3 quokkas (D:2)
  11 bats
  2 frilled lizards (D:3)
  10 kobolds
  5 rats
78 creatures vanquished.

Vanquished Creatures (others)
  A ball python (D:1)
1 creature vanquished.

Grand Total: 79 creatures vanquished

Notes
Turn   | Place    | Note
-------+----------+-------------------------------------------
     0 | D:1      | lotte the Deep Elf Ice Elementalist began the quest for the Orb.
     0 | D:1      | Reached XP level 1. HP: 10/10 MP: 6/6
   365 | D:1      | Reached XP level 2. HP: 15/15 MP: 5/8
  1142 | D:1      | Reached XP level 3. HP: 19/19 MP: 6/10
  1394 | D:2      | Noticed Sigmund
  1522 | D:2      | Reached skill level 4 in Spellcasting
  1696 | D:2      | Learned a level 3 spell: Ozocubu's Armour
  1714 | D:2      | Killed Sigmund
  1714 | D:2      | Reached skill level 5 in Spellcasting
  1714 | D:2      | Reached skill level 5 in Ice Magic
  1714 | D:2      | Reached XP level 4. HP: 17/24 MP: 3/13
  1714 | D:2      | Reached XP level 5. HP: 20/28 MP: 3/14
  2616 | D:2      | Reached XP level 6. HP: 32/32 MP: 13/16
  3285 | D:2      | Reached skill level 6 in Spellcasting
  4771 | D:4      | Noticed Eustachio
  4772 | D:4      | Killed from afar by an orc priest

Skill      XL: |  1  2  3  4  5  6 |
---------------+-------------------+-----
Ice Magic      | 4 5 |  5.9
Spellcasting   | 5 6 |  6.6
Dodging        | 3 4 |  4.2
Stealth        | |  2.5
Conjurations   | |  1.1

Action                   |  1- 3 |  4- 6 || total
-------------------------+-------+-------++-------
Melee: Whip              |     2 |       ||     2
 Cast: Freeze            |    53 |    91 ||   144
       Ozocubu's Armour  |     1 |    16 ||    17
  Eat: Chunk             |     2 |     7 ||     9
       Ration            |       |     1 ||     1
Armor: Robe              |     8 |    36 ||    44
Dodge: Dodged            |    39 |    86 ||   125
